 Dungeon Crawl Stone Soup version 0.30-a0-1160-g6e42c06551 (webtiles) character file.

Game seed: 1438104878946590183

455 Lavandula the Magician (level 6, -1/43 HPs)
             Began as a Mummy Wanderer on Apr 26, 2023.
             Was an Initiate of Kikubaaqudgha.
             Slain by an iguana (12 damage)
             ... on level 4 of the Dungeon.
             The game lasted 00:11:08 (3441 turns).

Lavandula the Magician (Mummy Wanderer)             Turns: 3441, Time: 00:11:09

Health: -1/43      AC:  3    Str: 17    XL:     6   Next: 76%
Magic:  3/15       EV: 11    Int: 13    God:    Kikubaaqudgha [......]
Gold:   272        SH:  0    Dex: 10    Spells: 9/17 levels left

rFire   . . .        e - staff of fire
rCold   + + .        (no shield)
rNeg    + + +        d - +0 leather armour
rPois   ∞            (no helmet)
rElec   .            (no cloak)
rCorr   .            (no gloves)
SInv    +            (no boots)
Will    .....        n - amulet of regeneration
Stlth   +            l - ring of see invisible
HPRegen 1.07/turn    p - ring of protection from cold
MPRegen 0.14/turn

%: faith
@: very slightly contaminated
A: cold resistance 1, negative energy resistance 3, torment resistance 2, heat
vulnerability 1, in touch with death 1, no potions, faith
a: Renounce Religion


You were on level 4 of the Dungeon.
You worshipped Kikubaaqudgha.
Kikubaaqudgha was noncommittal.
You visited 1 branch of the dungeon, and saw 5 of its levels.

You collected 272 gold pieces.

Inventory:

Hand Weapons
 a - a +1 dagger
Missiles
 b - 13 poisoned darts (quivered)
Armour
 d - a +0 leather armour (worn)
Magical Staves
 e - a staff of fire (weapon)
Jewellery
 l - a ring of see invisible (left hand)
 n - an amulet of regeneration (around neck)
 p - a ring of protection from cold (right hand)
Scrolls
 c - 2 scrolls of blinking
 f - a scroll of fog {unknown}
 g - a scroll of immolation {unknown}
 h - a scroll of enchant weapon
 i - 2 scrolls of poison {unknown}
 j - a scroll of noise {unknown}
 k - a scroll of magic mapping {unknown}
 m - a scroll of brand weapon {unknown}
 o - a scroll of identify {unknown}


   Skills:
 - Level 1.1 Fighting
 - Level 1.9 Staves
 - Level 1.5 Throwing
 - Level 6.0 Spellcasting
 - Level 3.0 Fire Magic
 - Level 1.0 Air Magic
 + Level 4.0 Earth Magic


You had 9 spell levels left.
You knew the following spells:

 Your Spells              Type           Power      Damage    Failure   Level
a - Sandblast             Erth           28%        2d8       4%          1
b - Stone Arrow           Conj/Erth      18%        3d8       26%         3
c - Animate Armour        Summ/Erth      18%        N/A       65%         4

Your spell library contained the following spells:

 Spells                   Type           Power      Damage    Failure   Level
 Shock                    Conj/Air       20%        1d4       17%         1
 Mephitic Cloud           Conj/Pois/Air  4%         N/A       47%         3
 Summon Hydra             Summ           1%         N/A       100%        7
 Sublimation of Blood     Necr           Unusable   N/A       N/A         2
 Wereblood                Tmut           Unusable   N/A       N/A         2

Dungeon Overview and Level Annotations

Branches:
Dungeon (5/15)
 Temple: D:4-7

Altars:
Kikubaaqudgha
Wu Jian

Shops:
D:5 *

Annotations:
D:3 Ijyb


Innate Abilities, Weirdness & Mutations

You are immune to poison.
Your flesh is cold resistant. (rC+)
You are immune to negative energy. (rN+++)
You are immune to unholy pain and torment.
You are vulnerable to heat. (rF-)
You are in touch with the powers of death.
You do not drink.
You have a special connection with the divine. (Faith)


Message History

Press: ? - help, Shift-Dir - straight line, f/p - iguana
Aim: an iguana (heavily wounded, 84% to hit)
The blast of sand hits the iguana.
The iguana is severely wounded.
The iguana closely misses you. x2
Casting: Sandblast (safe; 4% risk of failure)
Confirm with . or Enter, or press ? or * to list all spells.
Aiming: Sandblast (safe; 4% risk of failure)
Press: ? - help, Shift-Dir - straight line, f/p - iguana
Aim: an iguana (severely wounded, 84% to hit)
The blast of sand misses the iguana.
The iguana barely misses you.
Unknown command.
Casting: Sandblast (safe; 4% risk of failure)
Confirm with . or Enter, or press ? or * to list all spells.
Aiming: Sandblast (safe; 4% risk of failure)
Press: ? - help, Shift-Dir - straight line, f/p - iguana
Aim: an iguana (severely wounded, 84% to hit)
The blast of sand hits the iguana.
The iguana is almost dead.
The iguana misses you. The iguana bites you.
Unknown command.
Casting: Sandblast (safe; 4% risk of failure)
Confirm with . or Enter, or press ? or * to list all spells.
Aiming: Sandblast (safe; 4% risk of failure)
Press: ? - help, Shift-Dir - straight line, f/p - iguana
Aim: an iguana (almost dead, 84% to hit)
You miscast Sandblast.
You are very lightly contaminated with residual magic.
Nothing appears to happen.
The iguana bites you!
* * * LOW HITPOINT WARNING * * *
Casting: Sandblast (safe; 4% risk of failure)
Confirm with . or Enter, or press ? or * to list all spells.
Aiming: Sandblast (safe; 4% risk of failure)
Press: ? - help, Shift-Dir - straight line, f/p - iguana
Aim: an iguana (almost dead, 84% to hit)
The blast of sand hits the iguana.
The iguana is almost dead.
The iguana bites you!
You die...
Kikubaaqudgha rasps: "You have failed me!
Welcome... oblivion!"

######
.....
....##
....#
...# ..#
#######.#
(.....l@#
#######.#
#.# #.#
#.# #.#
#.# #.#


You could see an iguana.

Vanquished Creatures
  A scorpion (D:5)
  A jelly (D:5)
  2 iguanas (D:5)
  An orc wizard (D:5)
  A sleepcap (D:5)
  11 adders
  3 gnolls (D:5)
  5 river rats (D:5)
  A shadow imp (D:5)
  2 ufetubi
  3 worms (D:5)
  2 dart slugs (D:5)
  5 orcs
  A ball python (D:2)
  A bat (D:1)
  3 endoplasms
  2 giant cockroaches (D:1)
  6 goblins
  6 hobgoblins
  8 jackals
  A quokka (D:3)
  5 frilled lizards
  2 kobolds (D:2)
  3 rats
76 creatures vanquished.

Notes
Turn   | Place    | Note
-------+----------+-------------------------------------------
     0 | D:1      | Lavandula the Mummy Wanderer began the quest for the Orb.
     0 | D:1      | Lavandula set off with the following items: a +0 dagger, 13
                  | poisoned darts, a scroll of blinking, a +0 leather armour;
                  | and the following spells available to memorise: Sandblast,
                  | Shock, Stone Arrow, Mephitic Cloud, Animate Armour.
     0 | D:1      | Reached XP level 1. HP: 15/15 MP: 4/4
     2 | D:1      | Learned a level 1 spell: Sandblast
   252 | D:1      | Reached XP level 2. HP: 21/21 MP: 3/5
   827 | D:2      | Reached skill level 3 in Spellcasting
   863 | D:2      | Gained mutation: You are in touch with the powers of death.
                  | [Mummy growth]
   863 | D:2      | Reached XP level 3. HP: 23/26 MP: 3/7
   867 | D:2      | Learned a level 3 spell: Stone Arrow
  1120 | D:2      | Reached skill level 4 in Spellcasting
  1516 | D:2      | Reached XP level 4. HP: 32/32 MP: 6/10
  2020 | D:3      | Noticed Ijyb
  2025 | D:3      | Reached skill level 5 in Spellcasting
  2245 | D:4      | You fall into a shaft and drop 1 floor!
  2245 | D:5      | Entered Level 5 of the Dungeon
  2262 | D:5      | Noticed a scorpion
  2270 | D:5      | Killed a scorpion
  2271 | D:5      | Reached XP level 5. HP: 32/37 MP: 7/13
  2335 | D:5      | Reached skill level 6 in Spellcasting
  2378 | D:5      | Reached skill level 1 in Fire Magic
  2546 | D:5      | Noticed a shadow
  2563 | D:5      | Found an ornate altar of the Wu Jian Council.
  2657 | D:5      | Found an ancient bone altar of Kikubaaqudgha.
  2663 | D:5      | Reached XP level 6. HP: 37/43 MP: 2/15
  2687 | D:5      | Became a worshipper of Kikubaaqudgha
  3049 | D:5      | Reached skill level 1 in Staves
  3054 | D:5      | Learned a level 4 spell: Animate Armour
  3253 | D:5      | Found Piorarao's Lightly-Used Armoury.
  3441 | D:4      | Slain by an iguana

Illustrated notes

Levels and vault maps discovered:
D:1:      dpeg_arrival_water_temple_mockup, layout_rooms, minivault_5
D:2:      layout_basic, nicolae_titane
D:3:      wad_pebble_path, layout_basic, serial_glass, glass_columns_b,
          glass_columns_b, nicolae_goblin_pals
D:4:      layout_basic, xom_confusion_cloud, minmay_temple_entry_glassed_door
D:5:      layout_loops_corners, lemuel_crystal_altar,
          mainiacjoe_overflow_catwalk, lightli_sewer_entry_pipes, serial_shops,
          shop, minmay_shop_damaged

Skill      XL: |  1  2  3  4  5  6 |
---------------+-------------------+-----
Earth Magic    | 4 |  4.0
Spellcasting   | 3 4 5 6 |  6.0
Fire Magic     | 2 3 |  3.0
Staves         | 1 |  1.9
Fighting       | |  1.1
Throwing       | |  1.5
Air Magic      | |  1.0

Action                     |  1- 3 |  4- 6 || total
---------------------------+-------+-------++-------
  Melee: Dagger            |    21 |       ||    21
         Punch             |     1 |       ||     1
         Staff             |     3 |     1 ||     4
  Throw: Dart              |     2 |    18 ||    20
   Cast: Sandblast         |    47 |   164 ||   211
    Use: Scroll            |       |     3 ||     3
 Armour: Leather armour    |    14 |    19 ||    33
  Dodge: Dodged            |    29 |    79 ||   108

Table legend: (Time is in decaauts)
 A = Elapsed time spent in this place.
 B = Non-inter-level travel time spent in this place.
 C = Inter-level travel time spent in this place.
 D = Time resting spent in this place.
 E = Time spent auto-exploring this place.
 F = Levels seen in this place.
 G = Mean time per level.
                   A        B        C        D        E       F      G
               +--------+--------+--------+--------+--------+-----+--------+
         Total |   3583 |   3472 |    111 |    173 |   2249 |   5 |  716.6 |
       Dungeon |   3583 |   3472 |    111 |    173 |   2249 |   5 |  716.6 |
               +--------+--------+--------+--------+--------+-----+--------+

Top non-repeatable levels by time:
     D:5: 1282 daAuts
     D:2: 889 daAuts
     D:1: 791 daAuts
     D:3: 547 daAuts
     D:4: 72 daAuts
